 Dungeon Crawl Stone Soup version 0.31-a0-369-g8eba5f6939 (webtiles) character file.

Game seed: 17859736349312425277

3887 tilp the Covert (level 10, -8/76 HPs)
             Began as a Vampire Enchanter on July 29, 2023.
             Was a Priest of Wu Jian.
             Mangled by a two-headed ogre
             ... wielding a +0 giant club
              (16 damage)
             ... on level 8 of the Dungeon.
             The game lasted 00:13:50 (7348 turns).

tilp the Covert (Vampire Enchanter)                 Turns: 7348, Time: 00:13:51

Health: -8/76      AC:  9    Str:  7    XL:     10   Next: 0%
Magic:  9/17       EV: 13    Int: 27    God:    Wu Jian [***...]
Gold:   239        SH:  0    Dex: 20    Spells: 7/19 levels left

rFire   + . .        a - +3 dagger
rCold   . . .        (no shield)
rNeg    . . .        z - +2 leather armour {rPois}
rPois   +            n - +0 helmet
rElec   .            g - scarf {shadows}
rCorr   .            v - +1 pair of gloves
SInv    +            I - +0 pair of boots
Will    +....        w - amulet of Exhibitionism {Faith Int+4 Slay+3}
Stlth   ++++         y - +6 ring of dexterity
HPRegen 0.52/turn    C - ring of protection from fire
MPRegen 0.15/turn

%: faith
@: healing quickly
A: alive, fangs 3, see invisible, vampiric 2
a: Exsanguinate, Renounce Religion, Wall Jump, Serpent's Lash


You were on level 8 of the Dungeon.
You worshipped Wu Jian.
Wu Jian was most pleased with you.
You visited 2 branches of the dungeon, and saw 9 of its levels.

You collected 459 gold pieces.
You spent 220 gold pieces at shops.

Inventory:

Hand Weapons
 a - a +3 dagger (weapon)
 b - a +1 vampiric short sword
 P - a +3 dagger
Missiles
 j - a throwing net {!f}
 m - 28 poisoned darts (quivered)
 q - 2 boomerangs
 N - a curare-tipped dart
Armour
 d - a +0 robe of resistance
 g - a scarf of shadows (worn)
 n - a +0 helmet (worn)
 v - a +1 pair of gloves (worn)
 z - a +2 leather armour of poison resistance (worn)
 H - a +0 cloak
 I - a +0 pair of boots (worn)
 J - a +0 robe
Magical Staves
 r - a staff of fire
Jewellery
 s - a ring of wizardry
 u - an amulet of regeneration
 w - the amulet of Exhibitionism (around neck) {Faith Int+4 Slay+3}
   (You found it on level 3 of the Dungeon)

   [amulet of faith]

   It allows you to gain divine favour quickly.
   Int:       It affects your intelligence (+4).
   Slay:      It affects your accuracy & damage with ranged weapons and melee
   (+3).
 y - a +6 ring of dexterity (left hand)
 C - a ring of protection from fire (right hand)
 G - a ring of protection from cold
Talismans
 e - a beast talisman
Wands
 t - a wand of roots (5)
Scrolls
 l - a scroll of fear
 A - 4 scrolls of teleportation
 F - 2 scrolls of blinking
 M - a scroll of identify
 O - a scroll of enchant armour {unknown}
Potions
 c - 3 potions of invisibility
 f - a potion of berserk rage {unknown}
 h - a potion of ambrosia
 i - a potion of heal wounds {unknown}
 k - 6 potions of curing
 o - 2 potions of attraction {unknown}
 p - 3 potions of brilliance
 x - 2 potions of magic {unknown}
 B - a potion of might {unknown}
 D - a potion of lignification
 E - a potion of haste {unknown}
 L - a potion of mutation {unknown}


   Skills:
 - Level 6.0 Fighting
 * Level 9.0 Short Blades
 - Level 4.0 Dodging
 - Level 10.0 Stealth
 - Level 5.0 Spellcasting
 - Level 8.0 Hexes
 - Level 2.0 Evocations


You had 7 spell levels left.
You knew the following spells:

 Your Spells              Type           Power      Damage    Failure   Level
a - Ensorcelled Hibernat  Hex/Ice        56%        N/A       3%          2
b - Confusing Touch       Hex            49%        N/A       1%          3
c - Tukima's Dance        Hex            49%        N/A       1%          3
d - Dazzling Flash        Conj/Hex       56%        N/A       6%          3
e - Slow                  Hex            100%       N/A       1%          1

Your spell library contained the following spells:

 Spells                   Type           Power      Damage    Failure   Level
 Cause Fear               Hex            24%        N/A       4%          4
 Poisonous Vapours        Pois/Air       12%        N/A       16%         2
 Anguish                  Hex/Necr       14%        N/A       21%         4
 Mephitic Cloud           Conj/Pois/Air  6%         N/A       32%         3
 Vampiric Draining        Necr           6%         2d6       32%         3
 Freezing Cloud           Conj/Ice/Air   3%         6-21      96%         5
 Enfeeble                 Hex            24%        N/A       98%         7


Dungeon Overview and Level Annotations

Branches:
Dungeon (8/15)             Temple (1/1) D:4
   Lair: D:8-11

Altars:
Ashenzari
Cheibriados
Dithmenos
Fedhas
Gozag
Hepliaklqana
Kikubaaqudgha
Makhleb
Nemelex Xobeh
Okawaru
Qazlal
Ru
Sif Muna
Trog
Uskayaw
Vehumet
Wu Jian
Xom
Yredelemnul

Shops:
D:3 [   D:5 !


Innate Abilities, Weirdness & Mutations

Your natural rate of healing is accelerated.
You have razor-sharp teeth.
You have supernaturally acute eyesight. (SInv)
You are afflicted with vampirism and can become a bat while bloodless.


Message History

a +4 long sword; a +0 robe A two-headed ogre comes into view.
It is wielding two +0 giant clubs.
The two-headed ogre shouts in stereo!
You hear a shout!
You hit the two-headed ogre.
The two-headed ogre is lightly wounded.
Unknown command.
Casting: Tukima's Dance (safe; 1% risk of failure)
Confirm with . or Enter, or press ? or * to list all spells.
Aiming: Tukima's Dance (safe; 1% risk of failure)
Press: ? - help, Shift-Dir - straight line, f - two-headed ogre
Aim: a two-headed ogre, wielding two +0 giant clubs (lightly wounded, chance to affect: 53%)
The two-headed ogre resists with significant effort.
The two-headed ogre hits you with a +0 giant club!!
The two-headed ogre hits you with a +0 giant club!
Casting: Tukima's Dance (safe; 1% risk of failure)
Confirm with . or Enter, or press ? or * to list all spells.
Aiming: Tukima's Dance (safe; 1% risk of failure)
Press: ? - help, Shift-Dir - straight line, f/p - two-headed ogre
Aim: a two-headed ogre, wielding two +0 giant clubs (lightly wounded, chance to affect: 53%)
The +0 giant club dances into the air!
The two-headed ogre hits you with a +0 giant club!!
* * * LOW HITPOINT WARNING * * *
The two-headed ogre barely misses you.
Casting: Tukima's Dance (safe; 1% risk of failure)
Confirm with . or Enter, or press ? or * to list all spells.
Aiming: Slow (safe; 1% risk of failure)
Press: ? - help, Shift-Dir - straight line, f/p - two-headed ogre
Aim: a two-headed ogre, wielding a +0 giant club (lightly wounded, ally target, chance to affect: 38%)
The two-headed ogre resists with some effort.
Unknown command.
Casting: Slow (safe; 1% risk of failure)
Confirm with . or Enter, or press ? or * to list all spells.
Aiming: Slow (safe; 1% risk of failure)
Press: ? - help, Shift-Dir - straight line, f/p - two-headed ogre
Aim: a two-headed ogre, wielding a +0 giant club (lightly wounded, ally target, chance to affect: 38%)
The two-headed ogre resists with some effort.
The two-headed ogre hits you with a +0 giant club!!
* * * LOW HITPOINT WARNING * * *
The two-headed ogre hits you with a +0 giant club!
You die...

####.#
#.........#
#.#########
#.........#
#.#.......#
#.........#
#.#.#####.#
###########
#.#.# #.#
#.#.# #.#
#...# #.#
#####
#.##########
#....@O.(...
############


You could see a two-headed ogre (ally target) and a friendly +0 giant club.

Vanquished Creatures
  2 trolls (D:6)
  3 hornets
  Grinder (D:3)
  A steam dragon (D:7)
  An acid dragon (D:6)
  2 water moccasins
  An ice beast (D:5)
  A sky beast (D:6)
  2 black bears
  An ogre (D:5)
  3 kobold brigands
  A phantom (D:5)
  Blork the orc (D:4)
  A bullfrog (D:7)
  A scorpion (D:5)
  9 wights
  An electric eel (D:6)
  A jelly (D:5)
  3 orc priests
  A hound (D:5)
  3 sleepcaps
  Natasha (thrice) (D:4)
  3 iguanas
  An orc wizard (D:6)
  Robin (D:2)
  5 adders
  2 shadow imps
  A worm (D:2)
  6 dart slugs
  6 orcs
  5 bats
  8 endoplasms
  6 giant cockroaches
  7 hobgoblins
  2 quokkas
  3 ball pythons
  3 frilled lizards
  13 goblins
  17 kobolds
  8 rats
140 creatures vanquished.

Vanquished Creatures (collateral kills)
  An ogre (D:6)
  2 wights (D:8)
3 creatures vanquished.

Vanquished Creatures (others)
  A dancing weapon (D:8)
1 creature vanquished.

Grand Total: 144 creatures vanquished

Notes
Turn   | Place    | Note
-------+----------+-------------------------------------------
     0 | D:1      | tilp the Vampire Enchanter began the quest for the Orb.
     0 | D:1      | Reached XP level 1. HP: 13/13 MP: 3/3
    87 | D:1      | Reached XP level 2. HP: 6/20 MP: 5/5
   219 | D:1      | Learned a level 2 spell: Ensorcelled Hibernation
   221 | D:1      | Learned a level 1 spell: Slow
   924 | D:1      | Gained mutation: You are afflicted with vampirism and can
                  | become a bat while bloodless. [Vampire growth]
   924 | D:1      | Reached XP level 3. HP: 25/25 MP: 3/6
   928 | D:1      | Learned a level 3 spell: Confusing Touch
  1103 | D:1      | Reached skill level 1 in Fighting
  1822 | D:2      | Noticed Robin
  1834 | D:2      | Killed Robin
  1835 | D:2      | Reached XP level 4. HP: 32/32 MP: 2/7
  2403 | D:3      | You fall into a shaft and drop 2 floors!
  2403 | D:5      | Entered Level 5 of the Dungeon
  2423 | D:4      | Found an iron altar of Okawaru.
  2427 | D:4      | Found a stormy altar of Qazlal.
  2536 | D:5      | Noticed a scorpion
  2542 | D:5      | Killed a scorpion
  2543 | D:5      | Reached skill level 5 in Stealth
  2543 | D:5      | Reached skill level 5 in Hexes
  2543 | D:5      | Reached XP level 5. HP: 38/38 MP: 4/9
  2587 | D:5      | Noticed a black bear
  2587 | D:5      | Noticed an ice beast
  2588 | D:5      | Noticed an ogre
  2618 | D:4      | Found a staircase to the Ecumenical Temple.
  2630 | Temple   | Entered the Ecumenical Temple
  2649 | Temple   | Learned a level 3 spell: Tukima's Dance
  2649 | Temple   | Became a worshipper of the Wu Jian Council
  2938 | D:3      | Noticed Grinder
  2970 | D:3      | Killed Grinder
  2971 | D:3      | Reached XP level 6. HP: 36/46 MP: 6/11
  3081 | D:3      | Identified the amulet of Exhibitionism {Faith Int+4 Slay+3}
  3192 | D:3      | Found Lanamy's Armour Shoppe.
  3201 | D:3      | Bought a +2 leather armour of poison resistance for 160
                  | gold pieces
  3429 | D:4      | Found a hide-covered altar of Uskayaw.
  3475 | D:4      | Noticed Natasha
  3480 | D:4      | Killed Natasha
  3711 | D:4      | Noticed Natasha
  3720 | D:4      | Killed Natasha
  3731 | D:4      | Noticed Natasha
  3750 | D:4      | Killed Natasha
  4060 | D:4      | Noticed Blork the orc
  4068 | D:4      | Killed Blork the orc
  4069 | D:4      | Reached XP level 7. HP: 52/52 MP: 12/12
  4295 | D:5      | Reached skill level 6 in Stealth
  4312 | D:5      | Reached * piety under Wu Jian
  4513 | D:5      | Found Beedwych's Distillery.
  4521 | D:5      | Bought a potion of degeneration for 15 gold pieces
  4521 | D:5      | Bought a potion of lignification for 45 gold pieces
  4676 | D:5      | Reached skill level 1 in Evocations
  4676 | D:5      | Reached XP level 8. HP: 60/60 MP: 11/14
  4947 | D:5      | Found a bloodstained altar of Trog.
  5068 | D:6      | Noticed a troll
  5083 | D:6      | Killed a troll
  5084 | D:6      | Reached skill level 5 in Short Blades
  5090 | D:6      | Learned a level 3 spell: Dazzling Flash
  5265 | D:6      | Noticed a troll
  5269 | D:6      | Reached skill level 7 in Stealth
  5274 | D:6      | Killed a troll
  5275 | D:6      | Reached skill level 5 in Spellcasting
  5467 | D:6      | Reached XP level 9. HP: 44/67 MP: 4/16
  5471 | D:6      | Reached skill level 5 in Fighting
  6116 | D:7      | Reached ** piety under Wu Jian
  6256 | D:7      | Reached skill level 8 in Stealth
  6438 | D:7      | Found a blossoming altar of Fedhas.
  6439 | D:7      | Found a shadowy altar of Dithmenos.
  6583 | D:8      | Reached skill level 9 in Stealth
  7143 | D:8      | Reached *** piety under Wu Jian
  7160 | D:8      | Reached skill level 10 in Stealth
  7275 | D:8      | Reached XP level 10. HP: 73/76 MP: 13/17
  7339 | D:8      | Noticed a two-headed ogre
  7348 | D:8      | Mangled by a two-headed ogre

Illustrated notes

Levels and vault maps discovered:
D:1:      beargit_arrival_greenhouse, layout_loops_ring, bh_walls_and_bars
D:2:      layout_basic, uniq_robin
D:3:      layout_basic, serial_shops, nicolae_shop_tiny_statue_garden,
          uniq_grinder
D:4:      mumra_celtic_spiral_tile, layout_basic,
          nicolae_overflow_hidden_temple, amcnicky_altar_gilded,
          uniq_blork_the_orc, uniq_natasha
D:5:      layout_basic, lightli_temple_of_fire, serial_shops, shop
D:6:      layout_rooms, minmay_crystal_water, corner_web_ring
D:7:      layout_rooms, gammafunk_temple_overflow_pools
D:8:      layout_basic, corexii_corridor_pit
Temple:   minmay_freezing_vapour_temple

Skill      XL: |  1  2  3  4  5  6  7  8  9 |
---------------+----------------------------+-----
Fighting       | 1 2 3 4 6 |  6.0
Short Blades   | 2 3 4 6 9 |  9.0
Stealth        | 5 6 7 10 | 10.0
Hexes          | 5 6 7 8 |  8.0
Spellcasting   | 3 4 5 |  5.0
Dodging        | 3 4 |  4.0
Evocations     | 1 2 |  2.0

Action                     |  1- 3 |  4- 6 |  7- 9 | 10-12 || total
---------------------------+-------+-------+-------+-------++-------
  Melee: Dagger            |   105 |    89 |   142 |     1 ||   337
         Bite              |     6 |     7 |    16 |       ||    29
         Punch             |       |     1 |     2 |       ||     3
  Throw: Stone             |     1 |       |       |       ||     1
         Dart              |       |       |     4 |       ||     4
   Cast: Ensorcelled Hiber |    14 |    25 |    38 |       ||    77
         Slow              |     4 |     1 |     3 |     2 ||    10
         Confusing Touch   |       |     1 |    10 |       ||    11
         Tukima's Dance    |       |       |    14 |     2 ||    16
Ability: Lunge             |       |     6 |    22 |       ||    28
         Whirlwind         |       |       |     1 |       ||     1
    Use: Scroll            |     2 |     6 |     1 |       ||     9
         Potion            |       |     1 |       |       ||     1
   Stab: Sleeping          |    24 |    18 |    40 |       ||    82
         Confused          |       |     2 |     8 |       ||    10
         Distracted        |       |       |     1 |       ||     1
 Armour: Robe              |    20 |    19 |       |       ||    39
         Leather armour    |       |     2 |    21 |       ||    23
  Dodge: Dodged            |    56 |    38 |    52 |     1 ||   147

Table legend: (Time is in decaauts)
 A = Elapsed time spent in this place.
 B = Non-inter-level travel time spent in this place.
 C = Inter-level travel time spent in this place.
 D = Time resting spent in this place.
 E = Time spent auto-exploring this place.
 F = Levels seen in this place.
 G = Mean time per level.
                   A        B        C        D        E       F      G
               +--------+--------+--------+--------+--------+-----+--------+
         Total |   7291 |   7112 |    179 |    451 |   5254 |   9 |  810.1 |
       Dungeon |   7267 |   7093 |    174 |    441 |   5254 |   8 |  908.4 |
        Temple |     24 |     19 |      5 |     10 |      0 |   1 |   24.0 |
               +--------+--------+--------+--------+--------+-----+--------+

Top non-repeatable levels by time:
     D:1: 1152 daAuts
     D:4: 1067 daAuts
     D:2: 1060 daAuts
     D:5: 1019 daAuts
     D:8: 846 daAuts
     D:3: 770 daAuts
     D:6: 761 daAuts
     D:7: 588 daAuts
  Temple: 24 daAuts
